 Dungeon Crawl Stone Soup version 0.30.0-10-gfe55d96785 (webtiles) character file.

Game seed: 3921798359134414085

474 GigaChad the Shield-Bearer (level 7, 0/55 HPs)
             Began as a Formicid Fighter on May 16, 2023.
             Was an Initiate of Gozag.
             Slain by a gnoll sergeant
             ... wielding a +0 trident
              (8 damage)
             ... on level 5 of the Dungeon.
             The game lasted 00:04:42 (3268 turns).

GigaChad the Shield-Bearer (Formicid Fighter)       Turns: 3268, Time: 00:04:42

Health: 0/55       AC: 14    Str: 25    XL:     7   Next: 32%
Magic:  7/7        EV:  6    Int:  3    God:    Gozag
Gold:   348        SH:  5    Dex: 13    Spells: 6/6 levels left

rFire   . . .        k - +6 hammer "Rinnyelu" {venom, rElec Str+3 Int-5}
rCold   . . .        c - +0 buckler
rNeg    . . .        e - +1 plate armour
rPois   .            (helmet unavailable)
rElec   +            m - +0 cloak
rCorr   .            (no gloves)
SInv    +            (no boots)
Will    .....        t - amulet of the acrobat Stlth
                     (no ring)
HPRegen 0.29/turn    (no ring)
MPRegen 0.10/turn

%: acrobat
@: no status effects
A: permanent stasis, dig shafts and tunnels, antennae 3, four strong arms
a: Dig, Shaft Self, Renounce Religion, Potion Petition, Call Merchant, Bribe
Branch


You were on level 5 of the Dungeon.
You worshipped Gozag.
Gozag was aware of your devotion.
You visited 2 branches of the dungeon, and saw 6 of its levels.

You collected 407 gold pieces.
You paid 59 gold pieces to Gozag.

Inventory:

Hand Weapons
 a - a +1 war axe
 k - the +6 hammer "Rinnyelu" (weapon) {venom, rElec Str+3 Int-5}
   (You found it on level 2 of the Dungeon)

   Str:       It affects your strength (+3).
   Int:       It affects your intelligence (-5).
   rElec:     It insulates you from electricity.
 l - a +2 quarterstaff of chaos
 n - a +0 hammer of holy wrath
Armour
 b - a +0 scale mail
 c - a +0 buckler (worn)
 e - a +1 plate armour (worn)
 m - a +0 cloak (worn)
Jewellery
 t - an amulet of the acrobat (around neck)
 w - the ring of Impatience {Fly rPois rF++ Int+2 Dex-4}
   (You found it on level 4 of the Dungeon)

   [ring of poison resistance]

   Int:       It affects your intelligence (+2).
   Dex:       It affects your dexterity (-4).
   rF:        It greatly protects you from fire.
   rPois:     It protects you from poison.
   Fly:       It grants you flight.
Wands
 g - a wand of paralysis (3)
Scrolls
 f - 4 scrolls of identify
 h - a scroll of noise
 p - 2 scrolls of fear
 u - a scroll of brand weapon {unknown}
 v - a scroll of butterflies
Potions
 d - a potion of might
 i - a potion of haste {unknown}
 j - 4 potions of curing
 o - 2 potions of attraction {unknown}
 q - a potion of mutation {unknown}
 r - 2 potions of heal wounds {unknown}
 s - a potion of flight {unknown}


   Skills:
 * Level 4.4 Fighting
 * Level 3.5(4.3) Axes
 * Level 3.6(4.3) Maces & Flails
 * Level 5.1 Armour
 * Level 5.2 Shields


You had 6 spell levels left.
You didn't know any spells.
Your spell library contained the following spells:

 Spells                   Type           Power      Damage    Failure   Level
 Ensorcelled Hibernation  Hex/Ice        0%         N/A       100%        2
 Spider Form              Tmut/Pois      0%         N/A       100%        3
 Stone Arrow              Conj/Erth      0%         3d7       100%        3
 Anguish                  Hex/Necr       0%         N/A       100%        4
 Animate Armour           Summ/Erth      0%         N/A       100%        4
 Lehudib's Crystal Spear  Conj/Erth      0%         10d2      100%        8


Dungeon Overview and Level Annotations

Branches:
Dungeon (5/15)             Temple (1/1) D:4

Altars:
Ashenzari
Gozag
Nemelex Xobeh
Qazlal
Sif Muna
Trog
Uskayaw
Vehumet
Wu Jian
Xom
Yredelemnul
The Shining One

Shops:
D:2 ((

Annotations:
D:5 2 transporters


Innate Abilities, Weirdness & Mutations

You cannot be hasted, slowed, berserked, paralysed or teleported.
You can dig through walls and to a lower floor.
You have a pair of large antennae on your head. (SInv)
Your four strong arms can wield two-handed weapons with a shield.


Message History

You are too injured to fight recklessly!
Unknown command.
You are too injured to fight recklessly!
Unknown command.
Unknown command.
The orc priest is no longer distracted by gold.
The orc hits you with a +0 hand axe.
The gnoll is distracted by your dazzling golden aura.
You block the gnoll's attack.
The gnoll sergeant hits you with a +0 trident!
Unknown command.
Unknown command.
The gnoll shouts!
You thump the orc!
You kill the orc!
The orc priest is distracted by your dazzling golden aura.
You block the gnoll's attack.
Unknown command.
The gnoll attacks as you move away! The gnoll hits you but does no damage.
The gnoll misses you.
The gnoll sergeant hits you with a +0 trident!
* * * LOW HITPOINT WARNING * * *
Items here: $ )))) [.
Unknown command.
Unknown command.
Unknown command.
The orc priest shouts!
You hit the gnoll sergeant but do no damage.
The gnoll sergeant is poisoned.
You block the gnoll's attack.
The gnoll sergeant hits you with a +0 trident.
* * * LOW HITPOINT WARNING * * *
Unknown command.
You thump the gnoll sergeant!
The gnoll sergeant looks as sick as possible!
The gnoll sergeant is severely wounded.
The gnoll is no longer distracted by gold. x2
The gnoll hits you but does no damage. You block the gnoll's attack.
The gnoll sergeant hits you with a +0 trident!
You die...
Your body crumbles into a pile of gold.

...........)#..#######..#
...........>.... ..#
.......#.......## #...
.....[...#.###.# ...
.......###.# #.. ....
.......#...# ### .....
.........### ##o....
...##...## ##.gg....
#.....##########@g#{
#.........[..#...##..
#................g...>..
#.............#####.)...
#©......)....## ....
#......))....# ###
#.#..........#
#.#..........#
#............#


You could see a gnoll sergeant (extremely poisoned), an orc priest and 3 gnolls.

Vanquished Creatures
  A scorpion (D:5)
  3 hounds
  An orc priest (D:3)
  Crazy Yiuf (D:2)
  A sleepcap (D:5)
  Natasha (D:3)
  An iguana (D:4)
  4 adders
  6 gnolls (D:5)
  A white imp (D:5)
  An ufetubus (D:4)
  A dart slug (D:5)
  12 orcs
  7 endoplasms
  2 goblins
  7 hobgoblins
  11 jackals
  2 quokkas
  5 ball pythons
  4 bats
  3 kobolds
  3 rats
78 creatures vanquished.

Notes
Turn   | Place    | Note
-------+----------+-------------------------------------------
     0 | D:1      | GigaChad the Formicid Fighter began the quest for the Orb.
     0 | D:1      | Reached XP level 1. HP: 18/18 MP: 1/1
   448 | D:2      | Reached XP level 2. HP: 24/24 MP: 2/2
   595 | D:2      | Found the +5 robe of Night {Dark Will+ SInv}
   876 | D:2      | Noticed a +0 executioner's axe
   878 | D:2      | Found Cynurr's Weapon Emporium.
   879 | D:2      | Noticed a +0 executioner's axe
  1079 | D:2      | Identified the +6 hammer "Rinnyelu" {venom, rElec Str+3
                  | Int-5}
  1081 | D:2      | Found a runed translucent door.
  1090 | D:2      | Noticed Crazy Yiuf
  1096 | D:2      | Killed Crazy Yiuf
  1097 | D:2      | Reached XP level 3. HP: 25/30 MP: 3/3
  1200 | D:2      | Found Kuruest's Antique Weapon Emporium.
  1205 | D:2      | Reached XP level 4. HP: 37/37 MP: 4/4
  1533 | D:3      | Noticed Natasha
  1542 | D:3      | Killed Natasha
  1543 | D:3      | Reached XP level 5. HP: 36/42 MP: 5/5
  1602 | D:3      | Reached skill level 1 in Maces & Flails
  1822 | D:3      | Found a stormy altar of Qazlal.
  2007 | D:4      | Found a staircase to the Ecumenical Temple.
  2020 | Temple   | Entered the Ecumenical Temple
  2063 | Temple   | Became a worshipper of Gozag Ym Sagoz the Greedy
  2106 | D:4      | Reached XP level 6. HP: 48/48 MP: 6/6
  2157 | D:4      | Found a sparkling altar of Nemelex Xobeh.
  2163 | D:4      | Found a shimmering blue altar of Sif Muna.
  2512 | D:4      | Identified the ring of Impatience {Fly rPois rF++ Int+2
                  | Dex-4}
  2744 | D:5      | Entered Level 5 of the Dungeon
  2752 | D:5      | Reached skill level 5 in Shields
  2924 | D:5      | Reached skill level 5 in Armour
  2924 | D:5      | Reached XP level 7. HP: 41/55 MP: 7/7
  3170 | D:5      | Found a transporter.
  3208 | D:5      | Found a transporter.
  3268 | D:5      | Slain by a gnoll sergeant

Illustrated notes

Levels and vault maps discovered:
D:1:      lemuel_arrival_lava_pool, layout_rooms
D:2:      layout_basic, serial_shops, nicolae_shop_mannequins,
          nicolae_shop_crystal, dreamdust_princess_corridor,
          uniq_crazy_yiuf_cottage
D:3:      layout_loops_cross, mainiacjoe_overflow_cross_hatched, serial_glass,
          glass_columns_b, glass_columns_c, glass_columns_a, glass_columns_b,
          glass_columns_a, glass_columns_b, item_on_display_a, feat_on_display,
          minmay_strange_pillars, amcnicky_mini_rare_corridor_liquid,
          due_unseen_surprise, uniq_natasha
D:4:      layout_loops_ring, grunt_temple_overflow_open,
          minmay_temple_entry_tees
D:5:      gammafunk_wand_slinger, layout_rooms
Temple:   nicolae_temple_cloud_nine

Skill      XL: |  1  2  3  4  5  6 |
---------------+-------------------+-----
Armour         | 4 5 |  5.1
Axes           | 3 |  3.5
Fighting       | 4 |  4.4
Maces & Flails | 1 3 |  3.6
Shields        | 5 |  5.2

Action                     |  1- 3 |  4- 6 |  7- 9 || total
---------------------------+-------+-------+-------++-------
  Melee: War axe           |    44 |       |       ||    44
         Mace              |       |    93 |    33 ||   126
Ability: Dig               |     1 |       |       ||     1
    Use: Scroll            |     2 |     8 |       ||    10
   Stab: Distracted        |       |       |     2 ||     2
 Armour: Plate armour      |    22 |    58 |    23 ||   103
         Scale mail        |     3 |       |       ||     3
  Dodge: Dodged            |    10 |    30 |    15 ||    55
  Block: Buckler           |    11 |    20 |    13 ||    44
